 Dungeon Crawl Stone Soup version 0.31-a0-1321-g5021b54cb2 (webtiles) character file.

Game seed: 8608649978747085222

12830 gelatine the Toxicologist (level 11, -1/72 HPs)
             Began as an Octopode Alchemist on Dec 20, 2023.
             Was an Elder of Vehumet.
             Slain by a freezing wraith (7 damage)
             ... on level 9 of the Dungeon.
             The game lasted 00:43:42 (12902 turns).

gelatine the Toxicologist (Octopode Alchemist)     Turns: 12902, Time: 00:43:43

Health: -1/72      AC:  1    Str: 12    XL:     11   Next: 99%
Magic:  21/32      EV: 15    Int: 23    God:    Vehumet [****..]
Gold:   611        SH:  0    Dex: 12    Spells: 6/26 levels left

rFire   + . .        q - +3 mace of Jileog {drain, Str+5 SInv}
rCold   + . .        (no shield)
rNeg    . . .        (helmet restricted)
rPois   .            (no amulet)
rElec   .            e - ring of protection from fire
rCorr   .            g - ring of protection from cold
SInv    +            j - ring of magical power
Will    .....        I - +4 ring of slaying
Stlth   +++++        (no ring)
HPRegen 0.32/turn    (no ring)
MPRegen 0.23/turn    (no ring)
                     (no ring)

%: no passive effects
@: hasted and slowed
A: almost no armour, amphibious, 8 rings, camouflage 1, gelatinous body 1,
(nimble swimmer 1), tentacles
a: Renounce Religion


You were on level 9 of the Dungeon.
You worshipped Vehumet.
Vehumet was greatly pleased with you.
You visited 2 branches of the dungeon, and saw 11 of its levels.
You also visited: Ossuary.

You collected 611 gold pieces.

Inventory:

Hand Weapons
 i - a +0 falchion
 q - the +3 mace of Jileog (weapon) {drain, Str+5 SInv}
   (You found it on level 3 of the Dungeon)

   Str+5:     It affects your strength (+5).
   SInv:      It lets you see invisible.
 u - a +1 rapier
 z - the +3 quarterstaff "Hourumebau" {freeze, rElec rPois rC-}
   (You found it on level 10 of the Dungeon)

   rC-:       It makes you vulnerable to cold.
   rElec:     It insulates you from electricity.
   rPois:     It protects you from poison
 B - a +3 dagger of speed
 H - a +0 broad axe of flaming
 J - a +4 quarterstaff of chaos
Missiles
 r - 5 atropa-tipped darts
 y - 3 datura-tipped darts
 D - a curare-tipped dart
Jewellery
 e - a ring of protection from fire (left tentacle)
 g - a ring of protection from cold (right tentacle)
 h - a ring of fire
 j - a ring of magical power (on tentacle)
 I - a +4 ring of slaying (on tentacle)
Talismans
 E - a maw talisman
 F - a serpent talisman
 G - a blade talisman
Wands
 w - a wand of paralysis (3)
 K - a wand of acid (9)
Scrolls
 k - a scroll of noise
 m - a scroll of poison
 n - a scroll of silence
 o - a scroll of enchant armour
 p - 2 scrolls of amnesia
 t - 2 scrolls of vulnerability
 v - a scroll of fear
 x - a scroll of revelation
Potions
 a - a potion of magic
 b - 7 potions of curing
 c - a potion of ambrosia
 d - 2 potions of haste
 f - 2 potions of attraction
 l - 5 potions of heal wounds {unknown}
 s - 4 potions of lignification {unknown}
 A - 3 potions of brilliance {unknown}
 C - a potion of invisibility


   Skills:
 * Level 6.1 Fighting
 * Level 7.0 Maces & Flails
 * Level 5.7 Dodging
 * Level 8.4 Stealth
 + Level 1.0 Unarmed Combat
 * Level 8.0 Spellcasting
 * Level 5.4 Conjurations
 * Level 3.2 Fire Magic
 + Level 2.7 Air Magic
 * Level 9.0 Alchemy
 * Level 3.8 Evocations
 * Level 2.9 Shapeshifting


You had 6 spell levels left.
You knew the following spells:

 Your Spells              Type           Power      Damage    Failure   Level
a - Sting                 Conj/Alch      100%       1d9       1%          1
b - Mercury Vapours       Alch/Air       72%        N/A       1%          2
c - Mephitic Cloud        Conj/Alch/Air  35%        N/A       1%          3
d - Olgreb's Toxic Radia  Alch           50%        N/A       1%          4
e - Sticky Flame          Fire/Alch      37%        2d8       5%          4
f - Eringya's Noxious Bo  Alch           25%        4d6       7%          6

Your spell library contained the following spells:

 Spells                   Type           Power      Damage    Failure   Level
 Flame Wave               Conj/Fire      29%        2d9       3%          4
 Freeze                   Ice            36%        1d5       1%          1
 Hailstorm                Conj/Ice       21%        3d7       1%          3
 Frozen Ramparts          Ice            18%        1d3       5%          3
 Slow                     Hex            36%        N/A       7%          1
 Confusing Touch          Hex            9%         N/A       21%         3
 Sigil of Binding         Hex            9%         N/A       21%         3
 Vampiric Draining        Necr           9%         2d6       21%         3
 Summon Forest            Summ/Tloc      4%         N/A       88%         5
 Summon Hydra             Summ           4%         N/A       100%        7


Dungeon Overview and Level Annotations

Branches:
Dungeon (10/15)            Temple (1/1) D:5         Ossuary (visited)
   Lair: D:8-11         Orc: D:9-12

Altars:
Ashenzari
Cheibriados
Dithmenos
Elyvilon
Fedhas
Gozag
Hepliaklqana
Kikubaaqudgha
Makhleb
Nemelex Xobeh
Okawaru
Qazlal
Ru
Sif Muna
Trog
Uskayaw
Vehumet
Wu Jian
Xom
Yredelemnul
Zin
The Shining One

Shops:
D:3 =

Annotations:
D:8 exclusion: oklob sapling
D:9 olddryhag's ghost, novice DsGl
D:10 Sonja


Innate Abilities, Weirdness & Mutations

You cannot wear most types of armour.
You are amphibious.
You can wear up to eight rings at the same time.
Your skin changes colour to match your surroundings (Stealth+).
Your rubbery body absorbs attacks. (AC +1, EV +1)
((You are camouflaged when in or above water. (Stealth+)))
You have tentacles for arms and can constrict up to eight enemies at once.


Message History

The freezing wraith hits you. The freezing wraith freezes you! You resist.
The freezing wraith completely misses you.
You hit the freezing wraith.
The freezing wraith is moderately damaged.
The freezing wraith completely misses you.
The freezing wraith hits you!
Casting: Sticky Flame (dangerous; 5% risk of failure)
Confirm with . or Enter, or press ? or * to list all spells.
Aiming: Sticky Flame (dangerous; 5% risk of failure)
Press: ? - help, Shift-Dir - straight line, f/p - freezing wraith
Aim: a freezing wraith (moderately damaged, unstickable)
The sticky flame hits the freezing wraith but does no damage.
The freezing wraith is moderately damaged.
The freezing wraith closely misses you. The freezing wraith barely misses you.
Unknown command.
You hit the freezing wraith but do no damage.
The freezing wraith is moderately damaged.
The freezing wraith closely misses you. x2
You closely miss the freezing wraith.
The freezing wraith is moderately damaged.
The freezing wraith hits you. The freezing wraith freezes you! You resist.
The freezing wraith misses you.
Aiming: Paralyse
Press: ? - help, Q - select action, (/) - cycle Shift-Dir - straight line, f/p - freezing wraith
Aim: a freezing wraith (moderately damaged, chance to affect: 41%)
The freezing wraith resists with some effort.
The freezing wraith barely misses you. The freezing wraith hits you!
* * * LOW HITPOINT WARNING * * *
Okay, then.
You feel better. The freezing wraith hits you.
* * * LOW HITPOINT WARNING * * *
The freezing wraith freezes you! You resist.
* * * LOW HITPOINT WARNING * * *
The freezing wraith hits you.
* * * LOW HITPOINT WARNING * * *
The freezing wraith drains your vigour!
You feel yourself slow down.
You feel yourself speed up. The freezing wraith hits you!
* * * LOW HITPOINT WARNING * * *
The freezing wraith freezes you! You resist.
You die...

#.# #.# #.. #.# ##.# ### ###
##>####### #..# ..# #........#
#.## ..# #........# #.# ..#
#........# ####'## # ..#
#........######.....#### #
..#####........#....'.....'..####
.....##...[....W@####.....##.....
..##...........### #.....#######
#######........# ####### #
#......<.# ##########


You could see a freezing wraith.

Vanquished Creatures
  2 two-headed ogres (D:9)
  A manticore (D:9)
  Joseph (D:7)
  Jeremiah (D:7)
  A kobold demonologist (D:10)
  3 hornets
  2 trolls
  Sigmund (D:6)
  2 wyverns
  4 humans (D:6)
  23 yaks
  A hog (shapeshifter) (D:9)
  A basilisk (D:9)
  A steam dragon (D:8)
  Menkaure (D:6)
  An acid dragon (D:10)
  2 water moccasins (D:8)
  Duvessa (D:6)
  5 ice beasts
  An orc warrior (D:6)
  2 sky beasts
  2 ogres (D:4)
  5 centaurs
  A phantom (D:4)
  Blork the orc (D:6)
  2 kobold brigands
  3 scorpions
  3 bullfrogs
  5 water moccasin zombies (Ossuary)
  7 wights
  Dowan (D:6)
  6 killer bees (D:9)
  3 howler monkeys (D:8)
  5 hounds
  Crazy Yiuf (D:6)
  A gnoll bouda (D:4)
  3 orc priests
  3 jellies
  A sleepcap (D:5)
  6 scorpion zombies (D:6)
  4 orc wizards
  2 crocodile zombies (Ossuary)
  2 mummies (Ossuary)
  5 gnolls (D:4)
  4 howler monkey skeletons (D:6)
  16 adders
  2 shadow imps
  2 ufetubi (D:4)
  7 adder zombies (Ossuary)
  2 worms
  4 dart slugs
  22 orcs
  6 endoplasms
  4 giant cockroaches
  4 gnoll zombies (Ossuary)
  9 goblins
  12 hobgoblins
  4 jackals (D:8)
  10 kobolds
  7 quokkas
  16 ball pythons
  3 bats
  4 frilled lizards
  6 hobgoblin zombies (Ossuary)
  6 kobold zombies (Ossuary)
  3 orc zombies (Ossuary)
  10 rats
292 creatures vanquished.

Notes
Turn   | Place    | Note
-------+----------+-------------------------------------------
     0 | D:1      | gelatine the Octopode Alchemist began the quest for the
                  | Orb.
     0 | D:1      | Reached XP level 1. HP: 11/11 MP: 3/3
   152 | D:1      | Reached XP level 2. HP: 17/17 MP: 1/5
   622 | D:1      | Reached XP level 3. HP: 22/22 MP: 4/6
  1139 | D:2      | Reached skill level 4 in Alchemy
  1170 | D:2      | Reached skill level 1 in Fighting
  1170 | D:2      | Reached XP level 4. HP: 21/28 MP: 4/7
  1249 | D:2      | Learned a level 2 spell: Mercury Vapours
  2195 | D:3      | Reached XP level 5. HP: 28/33 MP: 7/9
  2301 | D:3      | Found a faded altar of an unknown god.
  2382 | D:3      | Found a glowing golden altar of the Shining One.
  2464 | D:3      | Identified the +3 mace of Jileog {drain, Str+5 SInv}
  2507 | D:3      | Found Luly's Jewellery Emporium.
  3308 | D:3      | Learned a level 3 spell: Mephitic Cloud
  3490 | D:4      | Reached skill level 1 in Unarmed Combat
  3490 | D:4      | Reached XP level 6. HP: 20/39 MP: 10/10
  3726 | D:4      | Reached skill level 5 in Alchemy
  3957 | D:4      | Noticed an ice beast
  4071 | D:4      | Killed an ice beast
  4072 | D:4      | Reached skill level 1 in Maces & Flails
  4072 | D:4      | Reached skill level 1 in Air Magic
  4072 | D:4      | Reached XP level 7. HP: 45/45 MP: 12/12
  4752 | D:5      | Entered Level 5 of the Dungeon
  4758 | D:5      | Learned a level 4 spell: Olgreb's Toxic Radiance
  4796 | D:5      | Found a white marble altar of Elyvilon.
  4920 | D:5      | Reached XP level 8. HP: 39/51 MP: 14/14
  4995 | D:5      | Found a staircase to the Ecumenical Temple.
  5001 | Temple   | Entered the Ecumenical Temple
  5041 | Temple   | Became a worshipper of Vehumet
  5485 | D:6      | Noticed a wyvern
  5490 | D:6      | Killed a wyvern
  5491 | D:6      | Reached skill level 6 in Alchemy
  5504 | D:6      | HP: 1/52 [human/+0 mace (9)]
  5509 | D:6      | Reached skill level 5 in Stealth
  5881 | D:6      | Reached skill level 5 in Spellcasting
  5915 | D:6      | Reached XP level 9. HP: 54/57 MP: 16/16
  5931 | D:6      | Found a sand-covered staircase.
  5952 | Ossuary  | Entered an ossuary
  6013 | Ossuary  | Reached * piety under Vehumet
  6013 | Ossuary  | Offered knowledge of Shock by Vehumet.
  6791 | D:6      | Noticed Sigmund
  6808 | D:6      | Noticed Menkaure
  6809 | D:6      | Killed Sigmund
  6817 | D:6      | Killed Menkaure
  6817 | D:6      | Offered knowledge of Foxfire by Vehumet.
  6818 | D:6      | Reached skill level 7 in Alchemy
  6880 | D:6      | Reached ** piety under Vehumet
  6894 | D:6      | Learned a level 4 spell: Sticky Flame
  7036 | D:6      | Noticed Duvessa
  7039 | D:6      | Noticed Dowan
  7054 | D:6      | Killed Duvessa
  7067 | D:6      | Killed Dowan
  7453 | D:6      | Noticed Blork the orc
  7460 | D:6      | Killed Blork the orc
  7608 | D:6      | Found a runed translucent door.
  7609 | D:6      | Noticed Crazy Yiuf
  7617 | D:6      | Killed Crazy Yiuf
  7618 | D:6      | Reached skill level 5 in Maces & Flails
  7715 | D:7      | Reached skill level 1 in Evocations
  7786 | D:7      | Reached XP level 10. HP: 65/65 MP: 18/18
  7834 | D:7      | Noticed Jeremiah
  7850 | D:7      | Killed Jeremiah
  7851 | D:7      | Reached skill level 1 in Fire Magic
  8191 | D:7      | Noticed Joseph
  8204 | D:7      | Killed Joseph
  8205 | D:7      | Reached skill level 1 in Shapeshifting
  9186 | D:8      | Reached skill level 5 in Fighting
  9254 | D:8      | Reached skill level 5 in Dodging
  9262 | D:8      | Offered knowledge of Searing Ray by Vehumet.
  9268 | D:8      | Reached skill level 8 in Alchemy
  9616 | D:8      | Reached *** piety under Vehumet
  9838 | D:8      | Reached XP level 11. HP: 35/72 MP: 21/21
 10023 | D:8      | Learned a level 6 spell: Eringya's Noxious Bog
 10422 | D:9      | Offered knowledge of Dazzling Flash by Vehumet.
 10468 | D:9      | Reached skill level 5 in Conjurations
 11029 | D:9      | Found a shimmering altar of Xom.
 11029 | D:9      | Noticed a manticore
 11031 | D:9      | Noticed a two-headed ogre
 11033 | D:9      | Noticed a two-headed ogre
 11039 | D:9      | Killed a manticore
 11162 | D:9      | Reached **** piety under Vehumet
 11316 | D:9      | Found a runed translucent gate.
 11316 | D:9      | Found a runed translucent gate.
 11316 | D:9      | Found a runed translucent gate.
 11321 | D:9      | Noticed olddryhag's ghost (novice DsGl)
 11353 | D:9      | Killed a two-headed ogre
 11406 | D:9      | Killed a two-headed ogre
 11879 | D:9      | Offered knowledge of Flame Wave by Vehumet.
 12536 | D:10     | Entered Level 10 of the Dungeon
 12576 | D:10     | Identified the +3 quarterstaff "Hourumebau" {freeze, rElec
                  | rPois rC-}
 12581 | D:10     | Noticed Sonja
 12804 | D:10     | Reached skill level 9 in Alchemy
 12902 | D:9      | Slain by a freezing wraith

Illustrated notes

Levels and vault maps discovered:
D:1:      ebering_hopf_link, layout_rooms, palyth_stone_intersect
D:2:      layout_basic
D:3:      minmay_razor_zed, layout_loops_ring, tso_altar, serial_shops,
          nicolae_shop_back_alley_shop, ebering_ecumenical_altar_petrified
D:4:      layout_basic
D:5:      layout_rooms, elyvilon_altar_5, temple_green, nicolae_the_louvre
D:6:      layout_rooms, mainiacjoe_ossuary_entry_find_the_door, minmay_ruffians,
          uniq_duvessa, uniq_sigmund, uniq_blork_the_orc, uniq_menkaure,
          uniq_crazy_yiuf_cottage
D:7:      layout_loops_corners, uniq_joseph, uniq_jeremiah
D:8:      layout_loops_ring, introduction_to_nature_2
D:9:      layout_roguey, gammafunk_ghost_spectres, minmay_ruined_shrine
D:10:     layout_cross, minivault_22, uniq_sonja
Temple:   mainiacjoe_temple_cubbyholes

Skill      XL: |  1  2  3  4  5  6  7  8  9 10 11 |
---------------+----------------------------------+-----
Alchemy        | 4 5 6 7 8 9 |  9.0
Fighting       | 1 2 3 4 5 6 |  6.1
Stealth        | 3 4 5 6 7 8 |  8.4
Unarmed Combat | 1 |  1.0
Spellcasting   | 3 4 5 6 8 |  8.0
Conjurations   | 2 3 4 5 |  5.4
Maces & Flails | 1 2 3 5 6 7 |  7.0
Air Magic      | 1 2 |  2.7
Dodging        | 3 4 5 |  5.7
Evocations     | 1 2 3 |  3.8
Fire Magic     | 1 3 |  3.2
Shapeshifting  | 1 2 |  2.9

Action                     |  1- 3 |  4- 6 |  7- 9 | 10-12 || total
---------------------------+-------+-------+-------+-------++-------
  Melee: Unarmed           |    19 |       |       |       ||    19
         Tentacles         |     5 |     6 |    70 |    26 ||   107
         Constrict         |     6 |     7 |    54 |    19 ||    86
         Falchion          |    12 |    10 |       |       ||    22
         Punch             |     1 |     1 |     9 |     1 ||    12
         Mace              |       |    26 |   212 |   137 ||   375
   Cast: Sting             |    51 |   100 |   114 |   121 ||   386
         Mercury Vapours   |       |    13 |    23 |    20 ||    56
         Olgreb's Toxic Ra |       |       |     4 |    24 ||    28
         Mephitic Cloud    |       |       |     8 |    18 ||    26
         Sticky Flame      |       |       |       |    21 ||    21
  Evoke: Wand              |       |       |     5 |     3 ||     8
    Use: Scroll            |       |       |     7 |    12 ||    19
         Potion            |       |       |     2 |     2 ||     4
   Stab: Sleeping          |     1 |       |     6 |     1 ||     8
         Paralysed         |       |       |     3 |       ||     3
         Confused          |       |       |     1 |     2 ||     3
 Armour: Skin              |    11 |    28 |    92 |   106 ||   237
  Dodge: Dodged            |    34 |    35 |   102 |   107 ||   278

Table legend: (Time is in decaauts)
 A = Elapsed time spent in this place.
 B = Non-inter-level travel time spent in this place.
 C = Inter-level travel time spent in this place.
 D = Time resting spent in this place.
 E = Time spent auto-exploring this place.
 F = Levels seen in this place.
 G = Mean time per level.
                   A        B        C        D        E       F      G
               +--------+--------+--------+--------+--------+-----+--------+
         Total |  12988 |  12513 |    475 |     39 |  10114 |  12 | 1082.3 |
       Dungeon |  12128 |  11688 |    440 |     39 |   9556 |  10 | 1212.8 |
        Temple |     76 |     41 |     35 |      0 |      0 |   1 |   76.0 |
       Ossuary |    783 |    783 |      0 |      0 |    558 |   1 |  783.0 |
               +--------+--------+--------+--------+--------+-----+--------+

Top non-repeatable levels by time:
     D:9: 2073 daAuts
     D:8: 1522 daAuts
     D:4: 1435 daAuts
     D:3: 1306 daAuts
     D:7: 1295 daAuts
     D:6: 1255 daAuts
     D:2: 1188 daAuts
     D:1: 895 daAuts
     D:5: 803 daAuts
 Ossuary: 783 daAuts
    D:10: 353 daAuts
  Temple: 76 daAuts
